AoeStats
← Andor2002

Arena

510055549Analyzed
1v1 RM · 4d ago on Sep 29, 2026· 51m 53s· 2 players
Game mode
Random Map
Map size
Tiny (2 player)
Population
200
Speed
Normal
Resources
Standard
Victory
Conquest
Starting age
Dark Age
Ending age
Imperial Age
RankedLock teamsTeams togetherTeam positionsShared explorationLock speedFull tech treeHidden civsTurbo modeCheats
Victory
Defeat
🇳🇱 Vikings · Netherlands
1014
+16
🇭🇺 Franks · Hungary
1024
-16
Andor2002
5:18 Loom
10:39 Feudal Age
11:04 Double-Bit Axe
11:04 Horse Collar
18:00 Castle Age
16:44 Fletching
19:51 Bow Saw
21:20 Bodkin Arrow
20:47 Crossbowman
24:23 Scale Mail Armor
24:43 Forging
31:17 Padded Archer Armor
35:12 Imperial Age
33:17 Chain Mail Armor
36:04 Bracer
37:15 Chemistry
37:57 Pikeman
39:08 Arbalester
40:35 Squires
41:11 Plate Mail Armor
45:19 Iron Casting
47:33 Blast Furnace
46:43 Elite Varangian Guard
47:32 Town Watch
48:25 Elite Skirmisher
49:51 Conscription
51:56 Arson
52:10 Arson
Andras Olah
11:48 Feudal Age
13:17 Double-Bit Axe
15:55 Castle Age
17:45 Bow Saw
18:52 Husbandry
20:07 Loom
21:00 Wheelbarrow
21:13 Stone Mining
22:08 Town Watch
23:33 Scale Mail Armor
23:40 Scale Barding Armor
24:29 Forging
24:29 Fletching
26:20 Murder Holes
27:56 Chain Barding Armor
28:21 Ballistics
28:49 Bodkin Arrow
30:00 Treadmill Crane
31:38 Iron Casting
31:05 Padded Archer Armor
31:41 Gold Mining
35:01 Imperial Age
33:22 Hand Cart
33:40 Leather Archer Armor
34:26 Gold Shaft Mining
34:46 Husbandry
36:38 Plate Barding Armor
36:47 Conscription
36:53 Conscription
38:50 Blast Furnace
37:15 Cranequins
40:14 Chemistry
38:45 Cavalier
43:33 Paladin
44:50 Chivalry
46:41 Light Cavalry
Connection lost

Rejoining the realm…

Still unreachable

The connection could not be restored.

Session expired

The server has moved on; the page needs a fresh start.